AoeStats
← chris.ortega235

Black Forest

506860204Analyzed
1v1 RM · 16d ago on Sep 15, 2026· 21m 54s· 2 players
Game mode
Random Map
Map size
Tiny (2 player)
Population
200
Speed
Normal
Resources
Standard
Victory
Conquest
Starting age
Dark Age
Ending age
Imperial Age
RankedLock teamsTeams togetherTeam positionsShared explorationLock speedFull tech treeHidden civsTurbo modeCheats
Victory
Defeat
🇦🇷 Vietnamese · Argentina
517
+13
🇺🇸 Japanese · United States
451
-18
Patrocl0h
0:26 Loom
3:18 Loom
13:32 Feudal Age
15:55 Bloodlines
15:52 Horse Collar
16:01 Double-Bit Axe
19:28 Scale Mail Armor
19:39 Forging
chris.ortega235
10:58 Feudal Age
15:00 Wheelbarrow
17:04 Double-Bit Axe
19:11 Fletching
Connection lost

Rejoining the realm…

Still unreachable

The connection could not be restored.

Session expired

The server has moved on; the page needs a fresh start.